 Dungeon Crawl Stone Soup version 0.30.1-3-gfc49f6343a (webtiles) character file.

Game seed: 1988938796663620046

7792 Wiggles the Severer (level 11, -2/84 HPs)
             Began as a Minotaur Berserker on July 30, 2023.
             Was a High Priest of Trog.
             Slain by a skeletal warrior
             ... wielding a +0 dire flail
              (22 damage)
             ... on level 10 of the Dungeon.
             The game lasted 00:14:17 (8182 turns).

Wiggles the Severer (Minotaur Berserker)            Turns: 8182, Time: 00:14:17

Health: -2/84      AC: 17    Str: 31    XL:     11   Next: 1%
Magic:  10/10      EV: 13    Int:  4    God:    Trog [*****.]
Gold:   553        SH:  0    Dex: 10    Spells: 10/10 levels left

rFire   . . .        s - +6 executioner's axe of Revolt {flame, Str+5}
rCold   . . .        (shield currently unavailable)
rNeg    . . .        p - +0 plate armour
rPois   +            (helmet restricted)
rElec   .            k - +1 cloak
rCorr   .            v - +1 pair of gloves
SInv    .            g - +1 pair of boots
Will    .....        (no amulet) Stlth
                     w - +5 ring of evasion
HPRegen 0.34/turn    r - ring of poison resistance
MPRegen 0.12/turn

%: no passive effects
@: on berserk cooldown, slowed, very slow
A: horns 2, retaliatory headbutt
a: Renounce Religion, Berserk, Trog's Hand, Brothers in Arms


You were on level 10 of the Dungeon.
You worshipped Trog.
Trog was extremely pleased with you.
You visited 1 branch of the dungeon, and saw 10 of its levels.

You collected 553 gold pieces.

Inventory:

Hand Weapons
 l - a +0 battleaxe
 s - the +6 executioner's axe of Revolt (weapon) {flame, Str+5}
   (Trog gifted it to you on level 8 of the Dungeon)

   Str:       It affects your strength (+5).
Missiles
 j - 20 boomerangs (quivered)
 D - 3 throwing nets
Armour
 g - a +1 pair of boots (worn)
 k - a +1 cloak (worn)
 p - a +0 plate armour (worn)
 v - a +1 pair of gloves (worn)
Jewellery
 d - a ring of willpower
 r - a ring of poison resistance (right hand)
 w - a +5 ring of evasion (left hand)
 x - a ring of ice
Wands
 q - a wand of charming (15)
 u - a wand of polymorph (11)
 y - a wand of flame (16)
 A - a wand of mindburst (34)
 C - a wand of roots (9)
Scrolls
 b - a scroll of blinking
 e - 4 scrolls of fear
 f - 3 scrolls of identify
 m - 2 scrolls of immolation
 o - 4 scrolls of teleportation
 B - a scroll of amnesia
Potions
 a - 4 potions of mutation
 c - 3 potions of heal wounds
 h - 4 potions of curing
 i - a potion of ambrosia
 n - 2 potions of resistance
 t - a potion of haste
 z - a potion of degeneration
 E - a potion of might {unknown}


   Skills:
 - Level 4.3 Fighting
 + Level 19.3 Axes
 + Level 2.8 Throwing
 - Level 2.6 Armour
 - Level 2.4 Dodging


You had 10 spell levels left.
You didn't know any spells.
Your spell library was empty.

Dungeon Overview and Level Annotations

Branches:
Dungeon (10/15)            Temple (0/1) D:5             Orc (0/2) D:10
   Lair: D:8-11

Altars:
Fedhas
Hepliaklqana
Kikubaaqudgha
Makhleb
Nemelex Xobeh
Okawaru
Ru
Trog
Uskayaw
Vehumet
Wu Jian
Xom
The Shining One

Shops:
D:4 !   D:7 [*   D:9 :


Innate Abilities, Weirdness & Mutations

You have a pair of horns on your head.
You reflexively headbutt those who attack you in melee.


Message History

You headbutt the skeletal warrior.
The skeletal warrior is heavily damaged.
You slice the skeletal warrior!! You burn the skeletal warrior!
You destroy the skeletal warrior!
Trog accepts your kill.
The skeletal warrior hits you with a +0 mace!
* * * LOW HITPOINT WARNING * * *
Your Axes skill increases to level 19!
You see here a +0 halberd.
You feel a strong urge to attack something.
You slash the skeletal warrior! You burn the skeletal warrior.
Your headbutt misses the skeletal warrior.
The skeletal warrior is severely damaged.
The skeletal warrior misses you.
You slice the skeletal warrior!! You burn the skeletal warrior.
You destroy the skeletal warrior!
Trog accepts your kill.
You have reached level 11!
The skeletal warrior barely misses you.
Things that are here:
a +0 mace; a +0 chain mail; a +0 halberd You barely miss the skeletal warrior.
You headbutt the skeletal warrior.
The skeletal warrior is lightly damaged.
You completely miss the skeletal warrior.
The skeletal warrior is lightly damaged.
The skeletal warrior hits you with a +0 dire flail.
* * * LOW HITPOINT WARNING * * *
You slice the skeletal warrior!! You burn the skeletal warrior!
The skeletal warrior is heavily damaged.
You are no longer berserk.
You are exhausted.
You feel yourself slow down.
The skeletal warrior closely misses you.
You slice the skeletal warrior!! You burn the skeletal warrior!
The skeletal warrior is almost destroyed.
The skeletal warrior barely misses you.
You barely miss the skeletal warrior.
The skeletal warrior is almost destroyed.
The skeletal warrior hits you with a +0 dire flail!!
You die...

...........#
#........#
#........#
#........##
#..........
#...#######
#...#
###...#
#.@z..###
#.....:.#
#.....#.>#
#.....####
#.....#
#.....###
#.........
#........#
#........#


You could see a skeletal warrior.

Vanquished Creatures
  3 skeletal warriors (D:10)
  A cyclops (D:8)
  Maggie (D:6)
  The ghost of zimm66 the Magician, an amateur DEFE (D:4)
  3 yaks (D:9)
  A steam dragon (D:9)
  An acid dragon (D:8)
  A water moccasin (D:8)
  Duvessa (D:7)
  4 ice beasts
  A black bear (D:6)
  A sky beast (D:7)
  4 ogres
  5 centaurs
  5 kobold brigands
  3 bullfrogs
  2 wyvern zombies (D:7)
  3 necrophages (D:7)
  2 gnoll sergeants
  A scorpion (D:4)
  6 wights
  Dowan (D:7)
  5 killer bees (D:9)
  2 howler monkeys (D:9)
  A centaur zombie (D:7)
  9 hounds
  A human zombie (D:7)
  2 orc priests (D:9)
  3 gnoll boudas
  A jelly (D:6)
  4 iguanas
  A sleepcap (D:7)
  7 orc wizards
  A killer bee zombie (D:7)
  A howler monkey zombie (D:7)
  12 adders
  40 gnolls
  2 river rats (D:4)
  A shadow imp (D:6)
  A white imp (D:7)
  3 ufetubi
  2 worms
  3 dart slugs
  26 orcs
  4 endoplasms
  5 giant cockroaches
  6 goblins
  15 hobgoblins
  18 jackals
  5 quokkas
  14 ball pythons
  3 bats
  4 frilled lizards
  29 kobolds
  3 rats
285 creatures vanquished.

Vanquished Creatures (others)
  A wizard (D:9)
  An orc (D:8)
2 creatures vanquished.

Grand Total: 287 creatures vanquished

Notes
Turn   | Place    | Note
-------+----------+-------------------------------------------
     0 | D:1      | Wiggles the Minotaur Berserker began the quest for the Orb.
     0 | D:1      | Reached XP level 1. HP: 19/19 MP: 0/0
    88 | D:1      | Reached XP level 2. HP: 18/27 MP: 1/1
   231 | D:1      | Reached skill level 4 in Axes
   600 | D:2      | Reached XP level 3. HP: 33/33 MP: 2/2
   601 | D:2      | Reached ** piety under Trog
   740 | D:2      | Reached skill level 5 in Axes
   823 | D:2      | Reached XP level 4. HP: 40/40 MP: 3/3
  1750 | D:3      | Noticed a +0 hand axe
  1751 | D:3      | Noticed a +0 hand axe
  1755 | D:3      | Found a hide-covered altar of Uskayaw.
  1764 | D:3      | Reached *** piety under Trog
  1768 | D:3      | Reached skill level 6 in Axes
  2000 | D:3      | Found a faded altar of an unknown god.
  2237 | D:4      | Noticed an ogre
  2241 | D:4      | Killed an ogre
  2242 | D:4      | Reached skill level 1 in Throwing
  2242 | D:4      | Reached XP level 5. HP: 27/46 MP: 4/4
  2249 | D:4      | Reached skill level 7 in Axes
  2386 | D:4      | Reached XP level 6. HP: 52/52 MP: 5/5
  2544 | D:4      | Found a runed translucent door.
  2547 | D:4      | Noticed zimm66's ghost (amateur DEFE)
  2564 | D:4      | Killed zimm66's ghost
  2565 | D:4      | Reached skill level 8 in Axes
  2565 | D:4      | Reached XP level 7. HP: 59/59 MP: 6/6
  2803 | D:4      | Found Oneecw's Distillery.
  3035 | D:4      | Reached skill level 9 in Axes
  3241 | D:4      | Found a burning altar of Makhleb.
  3317 | D:5      | Entered Level 5 of the Dungeon
  3321 | D:5      | Found a staircase to the Ecumenical Temple.
  3460 | D:5      | Reached **** piety under Trog
  3602 | D:5      | Reached skill level 10 in Axes
  4013 | D:5      | Reached XP level 8. HP: 32/66 MP: 7/7
  4196 | D:6      | Reached skill level 11 in Axes
  4305 | D:6      | Reached skill level 12 in Axes
  4393 | D:6      | Noticed Maggie
  4406 | D:6      | Killed Maggie
  4407 | D:6      | Reached skill level 13 in Axes
  4548 | D:6      | Reached XP level 9. HP: 60/71 MP: 8/8
  4679 | D:6      | Found a sparkling altar of Nemelex Xobeh.
  5123 | D:7      | Found a hazy altar of Hepliaklqana.
  5204 | D:7      | Noticed Duvessa
  5205 | D:7      | Noticed Dowan
  5210 | D:7      | Killed Duvessa
  5211 | D:7      | Reached skill level 14 in Axes
  5213 | D:7      | Killed Dowan
  5330 | D:7      | Found Goihuin's Armour Emporium.
  5421 | D:7      | Found an ornate altar of the Wu Jian Council.
  5580 | D:7      | Found a shimmering altar of Xom.
  5641 | D:7      | Reached ***** piety under Trog
  5645 | D:7      | Found a radiant altar of Vehumet.
  5792 | D:7      | Found a blossoming altar of Fedhas.
  5797 | D:7      | Found Fid Byed's General Store.
  5867 | D:7      | Reached skill level 15 in Axes
  5869 | D:7      | Found an ancient bone altar of Kikubaaqudgha.
  6119 | D:7      | Reached skill level 16 in Axes
  6286 | D:8      | Reached XP level 10. HP: 32/79 MP: 9/9
  6651 | D:8      | Identified the +6 executioner's axe of Revolt {flame,
                  | Str+5} (Trog gifted it to you on level 8 of the Dungeon)
  6651 | D:8      | Received a gift from Trog
  7159 | D:9      | Noticed a cyclops
  7159 | D:9      | Found an iron altar of Okawaru.
  7165 | D:9      | Identified the +0 mace "Feogguur" {protect, Fly Int+3}
  7169 | D:8      | Killed a cyclops
  7170 | D:8      | Reached skill level 17 in Axes
  7379 | D:9      | Identified the +4 hand axe "Wurufy" {flame, Dex+3}
  7451 | D:9      | Found a bloodstained altar of Trog.
  7453 | D:9      | Noticed a wizard
  7457 | D:9      | Killed a wizard
  7547 | D:9      | Reached skill level 18 in Axes
  7595 | D:9      | Found Turukk's Book Boutique.
  7701 | D:9      | Found a glowing golden altar of the Shining One.
  7726 | D:9      | Found a sacrificial altar of Ru.
  8084 | D:10     | Entered Level 10 of the Dungeon
  8145 | D:10     | Found a staircase to the Orcish Mines.
  8151 | D:10     | Noticed a skeletal warrior
  8153 | D:10     | Noticed a skeletal warrior
  8165 | D:10     | Noticed a skeletal warrior
  8167 | D:10     | Noticed a skeletal warrior
  8170 | D:10     | Killed a skeletal warrior
  8172 | D:10     | Killed a skeletal warrior
  8173 | D:10     | Reached skill level 19 in Axes
  8176 | D:10     | Killed a skeletal warrior
  8177 | D:10     | Reached XP level 11. HP: 30/84 MP: 10/10
  8182 | D:10     | Slain by a skeletal warrior

Illustrated notes

Levels and vault maps discovered:
D:1:      amcnicky_arrival_blooded_trapdoor, layout_rooms, nrook_mini_vaults
D:2:      layout_basic, grunt_decor_fettered
D:3:      layout_loops_ring, dancing_weapons_uskayaw,
          shapermc_ecumenical_altar_mp_vishouse
D:4:      minmay_skewed_foursquare, layout_loops_ring,
          makhleb_blood_cavern_becter, serial_shops, shop_statue,
          portal_sewer_entry_e, ebering_ghost_reflecting_pool
D:5:      layout_basic, minmay_temple_entry_wispy
D:6:      layout_basic, mainiacjoe_overflow_cross_hatched, uniq_maggie
D:7:      layout_cave_pools, kennysheep_little_box,
          nicolae_wu_jian_wuxing_cycle, nicolae_hepliaklqana_hazy_memory,
          lemuel_mausoleum_altar_kikubaaqudgha, vehumet_altar_wand_db,
          mainiacjoe_overflow_boulevard, serial_gnoll_camp, gnoll_camp_mini_hut,
          gnoll_camp_medium_02, gnoll_camp_mini_shop, gnoll_camp_mini_hut,
          gnoll_camp_mini_shop, amethyst_killhole, sigmund_army, uniq_duvessa
D:8:      layout_cave_pools, grunt_ministairs_3, chequers_serial_rivers_room_a
D:9:      layout_loops_ring, tso_altar, trog_wizard, okawaru_ov_weapons_minmay,
          mainiacjoe_overflow_brackets, serial_shops,
          nicolae_book_shop_shelving, minmay_misc_feat_tower
D:10:     layout_irregular_city, erik_lair_island, orc_0_dummy, enter_trove_0

Skill      XL: |  1  2  3  4  5  6  7  8  9 10 |
---------------+-------------------------------+-----
Fighting       | 4 |  4.3
Axes           | 4 5 6 7 8 10 13 16 19 | 19.3
Throwing       | 1 2 |  2.8
Armour         | |  2.6
Dodging        | |  2.4

Action                     |  1- 3 |  4- 6 |  7- 9 | 10-12 || total
---------------------------+-------+-------+-------+-------++-------
  Melee: Hand axe          |    53 |       |       |       ||    53
         Headbutt          |    12 |    23 |    47 |    16 ||    98
         Punch             |     1 |       |       |       ||     1
         Battleaxe         |    15 |    91 |   316 |    27 ||   449
         Executioner's axe |       |       |       |    75 ||    75
  Throw: Boomerang         |       |    21 |       |       ||    21
 Invoke: Berserk           |       |       |     3 |     1 ||     4
    Use: Scroll            |       |       |    16 |     4 ||    20
 Armour: Animal skin       |     6 |       |       |       ||     6
         Ring mail         |    20 |     3 |       |       ||    23
         Plate armour      |       |    80 |   185 |    91 ||   356
  Dodge: Dodged            |    44 |    34 |   224 |    96 ||   398
